 Dungeon Crawl Stone Soup version 0.19-a0-1457-g32fba05 (webtiles) character file.

16 Amnesiac the Grave Robber (level 2, -6/19 HPs)
             Began as a Demonspawn Necromancer on Sept 7, 2016.
             Mangled by Duvessa
             ... wielding a +0 short sword
              (8 damage)
             ... on level 4 of the Dungeon.
             The game lasted 00:01:15 (960 turns).

Amnesiac the Grave Robber (Demonspawn Necromancer)   Turns: 960, Time: 00:01:17

Health: -6/19      AC:  5    Str:  8    XL:     2   Next: 41%
Magic:  0/5        EV: 12    Int: 16    God:
Gold:   47         SH:  0    Dex: 13    Spells: 1 memorised, 5 levels left

rFire  . . .     SeeInvis .     (no weapon)
rCold  . . .     Gourm    .     a - +0 robe
rNeg   . . .     Faith    .     (no shield)
rPois  .         Spirit   .     n - +0 helmet
rElec  .         Dismiss  .     (no cloak)
rCorr  +         Reflect  .     (no gloves)
MR     .....     Harm     .     (no boots)
Stlth  ++........               (no amulet)
                                (no ring)
                                e - ring of resist corrosion

@: no status effects
A: thin metallic scales 1
a: no special abilities


You were on level 4 of the Dungeon.
You were not hungry.

You visited 1 branch of the dungeon, and saw 4 of its levels.

You collected 47 gold pieces.

Inventory:

Armour
 a - a +0 robe (worn)
 n - a +0 helmet (worn)
Jewellery
 e - a ring of resist corrosion (left hand)
Scrolls
 d - 2 scrolls of random uselessness {unknown}
 i - a scroll of immolation {unknown}
 j - a scroll of fog {unknown}
 m - a scroll of enchant armour {unknown}
 o - a scroll of teleportation {unknown}
Potions
 f - a potion of degeneration {unknown}
 g - a potion of flight {unknown}
 k - a potion of berserk rage {unknown}
Books
 b - a book of Necromancy

   Spells                             Type                      Level
   a - Pain                           Necromancy                   1
   b - Animate Skeleton               Necromancy                   1
   c - Vampiric Draining              Necromancy                   3
   d - Regeneration                   Charms/Necromancy            3
   e - Animate Dead                   Necromancy                   4
   f - Control Undead                 Necromancy                   4
Comestibles
 c - 2 bread rations
 h - a beef jerky
 l - a meat ration


   Skills:
 - Level 1.7 Dodging
 - Level 1.7 Stealth
 - Level 2.5 Spellcasting
 + Level 4.7 Necromancy


You had 5 spell levels left.
You knew the following spells:

 Your Spells              Type           Power        Failure   Level  Hunger
z - Pain                  Necr           ###.         3%          1    #......


Dungeon Overview and Level Annotations

Branches:
Dungeon (4/15)
 Temple: D:4-7

Altars:

Annotations:
D:4 exclusion: worker ant, Dowan, Duvessa


Innate Abilities, Weirdness & Mutations

You are partially covered in thin metallic scales. (AC +2)


Message History

Casting: Pain
Confirm with . or Enter, or press ? or * to list all spells.
You don't have enough magic to cast that spell.
Unknown command.
Casting: Pain
Confirm with . or Enter, or press ? or * to list all spells.
Aiming: Pain
Press: ? - help, Shift-Dir - straight line, f/p - Duvessa
Aim: Duvessa, wielding a short sword (moderately wounded, chance to defeat MR: 60%) Duvessa resists with significant effort.
Duvessa hits you with a short sword!
Ouch! That really hurt!
* * * LOW HITPOINT WARNING * * *
Casting: Pain
Confirm with . or Enter, or press ? or * to list all spells.
Aiming: Pain
Press: ? - help, Shift-Dir - straight line, f/p - Duvessa
Aim: Duvessa, wielding a short sword (moderately wounded, chance to defeat MR: 60%) Duvessa writhes in agony!
Duvessa hits you with a short sword!
You die...

#.# #.# #.# #.# #.# #.# #.# #.#
#.# #.# #.# #.# ###.# #.# #.#
####.#.####.####### #.#
.....#.##.........# #.#
.###.#.......####.#####.#####
.#.#.#######.##>@e..........#
.#.#...# #.##.#.#####.###.#
.#...#.# #.##.#.........#.#
.#.#.#.# ##.##.###########..#
.#...#.# #...#.############...
.#.###.####.###..................
...#.............###########.....
##.###[##........# #.... #.#
#.##........# ....


You could see Duvessa.

Vanquished Creatures
  A dart slug (D:3)
  2 goblins (D:2)
  3 hobgoblins
  3 jackals (D:3)
  2 bats
  A giant newt (D:2)
  A rat (D:3)
13 creatures vanquished.

Notes
Turn   | Place    | Note
-------+----------+-------------------------------------------
     0 | D:1      | Amnesiac the Demonspawn Necromancer began the quest for the Orb.
     0 | D:1      | Reached XP level 1. HP: 13/13 MP: 3/3
   331 | D:3      | Gained mutation: You are partially covered in thin metallic scales. (AC +2) [demonic ancestry]
   331 | D:3      | Reached XP level 2. HP: 9/19 MP: 0/5
   911 | D:4      | Noticed Duvessa
   911 | D:4      | Noticed Dowan
   960 | D:4      | Mangled by Duvessa

Vault maps used:
D:1:      minmay_arrival_five_plusses
D:2:      kennysheep_minor_cross, uniq_jessica
D:3:      first_bread
D:4:      eino_tiny_chamber, uniq_duvessa

Action                   || total
-------------------------++-------
Melee: Unarmed           ||     3
 Cast: Pain              ||    29
Armor: Robe              ||     4
Dodge: Dodged            ||     5
